 Dungeon Crawl Stone Soup version 0.17-a0-1504-gb7d9117 (webtiles) character file.

30 namelastname112 the Magician (level 3, -4/26 HPs)
             Began as a Draconian Wizard on July 9, 2015.
             Slain by Natasha (5 damage)
             ... on level 2 of the Dungeon.
             The game lasted 00:01:54 (877 turns).

namelastname112 the Magician (Draconian Wizard)      Turns: 877, Time: 00:01:54

Health: -4/26      AC:  5    Str:  9    XL:     3   Next: 3%
Magic:  8/8        EV: 17    Int: 19    God:
Gold:   39         SH:  0    Dex: 14    Spells: 1 memorised, 8 levels left

rFire  . . .     SeeInvis .     d - +0 dagger
rCold  . . .     Clarity  .     (armour unavailable)
rNeg   . . .     SustAt   .     (no shield)
rPois  .         Gourm    .     a - +0 hat
rElec  .         Spirit   .     (no cloak)
rCorr  .         Warding  .     (no gloves)
rMut   .         Stasis   .     (no boots)
MR     .....                    (no amulet)
Stlth  +++.......               (no ring)
                                (no ring)

@: agile, very slightly contaminated, not resistant to hostile enchantments,
fairly stealthy
A: unfitting armour, cold-blooded, AC +5
a: no special abilities


You were on level 2 of the Dungeon.
You were not hungry.

You visited 1 branch of the dungeon, and saw 2 of its levels.

You collected 39 gold pieces.

Inventory:

Hand weapons
 d - a +0 dagger (weapon)
Armour
 a - a +0 hat (worn)
Jewellery
 e - a cursed -6 ring of intelligence {unknown}
Scrolls
 f - 3 scrolls of random uselessness {unknown}
 g - a scroll of teleportation {unknown}
 h - a scroll of magic mapping {unknown}
 m - a scroll of identify {unknown}
 n - a scroll of noise {unknown}
Potions
 o - a potion of heal wounds {unknown}
Books
 b - a book of Minor Magic

   Spells                             Type                      Level
   a - Magic Dart                     Conjuration                  1
   b - Blink                          Translocation                2
   c - Call Imp                       Summoning                    2
   d - Repel Missiles                 Charms/Air                   2
   e - Slow                           Hexes                        2
   f - Conjure Flame                  Conjuration/Fire             3
   g - Mephitic Cloud                 Conjuration/Poison/Air       3
Comestibles
 c - a bread ration
 i - a meat ration
 j - a royal jelly


   Skills:
 - Level 1.7 Dodging
 - Level 1.7 Stealth
 + Level 3.6 Spellcasting
 + Level 2.0 Conjurations
   Level 1.0 Summonings
   Level 1.0 Translocations


You had 8 spell levels left.
You knew the following spells:

 Your Spells              Type           Power        Failure   Level  Hunger
z - Magic Dart            Conj           ##..         10%         1    None


Dungeon Overview and Level Annotations

Branches:
Dungeon (2/15)

Altars:

Annotations:
D:2 Natasha, Robin


Innate Abilities, Weirdness & Mutations

Your plain brown scales are hard (AC +5).
Your body does not fit into most forms of armour.
You are cold-blooded and may be slowed by cold attacks.


Message History

Natasha claws you!
* * * LOW HITPOINT WARNING * * *
Casting: Magic Dart
Confirm with . or Enter, or press ? or * to list all spells.
You don't have enough magic to cast that spell.
Drink which item? (? for menu, Esc to quit)
It was a potion of agility.
You feel agile all of a sudden. Natasha completely misses you.
Casting: Magic Dart
Confirm with . or Enter, or press ? or * to list all spells.
Aiming: Magic Dart
Press: ? - help, Shift-Dir - straight line, f/p - Natasha
Aim: Natasha (severely wounded)
The magic dart hits Natasha.
Natasha is severely wounded.
Natasha barely misses you.
Drink which item? (? for menu, Esc to quit)
It was a potion of magic.
Magic courses through your body. Natasha claws you.
You die...

.. . ... ##. ...
... .. #.# .. #.#
.# #.# ##### 5#
#<###...##h######
#.....#..@.......
#####...##.######
##### .# .# .# .#
.. ##


You could see Natasha and a shadow imp.

Vanquished Creatures
  2 oozes (D:1)
  9 goblins (D:1)
  2 hobgoblins (D:1)
  A ball python (D:1)
  4 bats (D:1)
  A giant newt (D:1)
  3 rats (D:1)
22 creatures vanquished.

Notes
Turn   | Place    | Note
--------------------------------------------------------------
     0 | D:1      | namelastname112 the Draconian Wizard began the quest for the Orb.
     0 | D:1      | Reached XP level 1. HP: 14/14 MP: 4/4
   244 | D:1      | Reached XP level 2. HP: 15/20 MP: 0/6
   601 | D:2      | Noticed Robin
   725 | D:1      | Reached XP level 3. HP: 18/26 MP: 0/8
   866 | D:2      | Noticed Natasha
   874 | D:2      | HP: 1/26 [Natasha (7)]
   877 | D:2      | Slain by Natasha

Vault maps used:
D:1:      minmay_arrival_jagged
D:2:      grunt_temple_overflow_cloverleaf, ecumenical_altar_1, uniq_robin,
          uniq_sigmund, uniq_natasha

Action                   || total
-------------------------++-------
Melee: Dagger            ||    30
 Cast: Magic Dart        ||    49
  Use: Potion            ||     2
